 Dungeon Crawl Stone Soup version 0.30-a0-728-gc68057be0a (webtiles) character file.

Game seed: 8980724534194485304

1153 kae the Geomancer (level 8, -1/41 HPs)
             Began as a Gargoyle Earth Elementalist on Jan 30, 2023.
             Slain by a gnoll
             ... wielding a +1 flail of protection
             ... led by a gnoll bouda
              (7 damage)
             ... on level 5 of the Dungeon.
             The game lasted 00:04:13 (4077 turns).

kae the Geomancer (Gargoyle Earth Elementalist)     Turns: 4077, Time: 00:04:13

Health: -1/41      AC:  7    Str: 12    XL:     8   Next: 38%
Magic:  3/14       EV:  6    Int: 18    God:
Gold:   171        SH:  0    Dex: 10    Spells: 6/16 levels left

rFire   . . .      SeeInvis .    (no weapon)
rCold   . . .      Faith    .    (no shield)
rNeg    + . .      Spirit   .    a - +0 robe
rPois   ∞          Reflect  .    (no helmet)
rElec   +          Harm     .    (no cloak)
rCorr   .          Rampage  .    (no gloves)
Will    .....                    (no boots)
Stlth   ++                       (no amulet)
HPRegen 0.26/turn                (no ring)
MPRegen 0.14/turn                (no ring)

@: held
A: sickness immunity, AC +5, negative energy resistance 1, electricity
resistance, torment resistance 1, petrification resistance
a: no special abilities


You were on level 5 of the Dungeon.
You visited 1 branch of the dungeon, and saw 5 of its levels.

You collected 171 gold pieces.


Innate Abilities, Weirdness & Mutations

You are immune to sickness and miasma.
Your stone body is resilient. (AC +5)
You are immune to poison.
You resist negative energy. (rN+)
You are resistant to electric shocks. (rElec)
You are resistant to unholy torment.
You are immune to petrification.


   Skills:
 - Level 1.5 Dodging
 - Level 2.1 Stealth
 + Level 4.5 Spellcasting
 * Level 6.0 Conjurations
 - Level 0.7 Transmutations
 * Level 8.5 Earth Magic


You had 6 spell levels left.
You knew the following spells:

 Your Spells              Type           Power      Damage    Failure   Level
a - Sandblast             Erth           68%        2d15      1%          1
b - Passwall              Tmut/Erth      16%        N/A       3%          2
c - Stone Arrow           Conj/Erth      60%        3d10      1%          3
d - Petrify               Tmut/Erth      20%        N/A       21%         4

Your spell library contained the following spells:

 Spells                   Type           Power      Damage    Failure   Level
 Scorch                   Fire           8%         2d5       22%         2
 Portal Projectile        Hex/Tloc       8%         N/A       38%         3
 Tukima's Dance           Hex            4%         N/A       38%         3
 Flame Wave               Conj/Fire      14%        2d6       38%         4
 Summon Lightning Spire   Summ/Air       4%         N/A       80%         4
 Blade Hands              Tmut           3%         N/A       96%         5
 Summon Cactus Giant      Summ           2%         N/A       100%        6
 Storm Form               Tmut/Air       2%         N/A       100%        7
 Maxwell's Capacitive Co  Air            2%         ∞         100%        8

Inventory:

Missiles
 g - 3 boomerangs
 k - 23 stones
 p - 6 poisoned darts
Armour
 a - a +0 robe (worn)
 m - a +2 pair of gloves
   (You found it on level 3 of the Dungeon)
Jewellery
 l - an amulet of reflection
   (You found it on level 3 of the Dungeon)
 A - an amulet of the acrobat
   (You found it on level 2 of the Dungeon)
Wands
 b - a wand of flame (14)
   (You took it off Sigmund on level 3 of the Dungeon)
Potions
 c - 2 potions of lignification {!q}
 d - a potion of heal wounds {@q2}
 e - 2 potions of degeneration {unknown}
 f - a potion of attraction {!q}
 h - a potion of berserk rage {unknown}
 j - a potion of flight {unknown}
 n - 2 potions of mutation {unknown}
 o - a potion of haste {unknown}

Dungeon Overview and Level Annotations

Branches:
Dungeon (5/15) Zot: 25831
 Temple: D:4-7

Altars:
Cheibriados
Fedhas
Sif Muna
Trog
Yredelemnul

Annotations:
D:3 1 runed translucent door, Crazy Yiuf

.............#####.#.#...##..._
............######.#...#.....P.
#..........##.........##.<.....
######.#...†.........##...#...#
#.###.#.†.......##..###### ..
#<##........##..# #.#
#...............# #.
###..........##.. #.
#..@###.... ### ###g# ... ))..
.. )).### ..... ...... .......#
........#


You could see a gnoll (swift).


Message History

Confirm with . or Enter, or press ? or * to list all spells.
Aiming: Sandblast (safe; 1% risk of failure)
Press: ? - help, Shift-Dir - straight line, f - gnoll
Aim: a gnoll, wielding a +1 flail of protection and quivering 2 throwing nets (86% to hit)
The blast of sand hits the gnoll!
The gnoll bouda gazes fiercely through you!
You feel as though you will be weak longer. 😎 MP[-1]
You lost 1 mp, and now have 9/14 mp.
Casting: Sandblast (safe; 1% risk of failure)
Confirm with . or Enter, or press ? or * to list all spells.
Aiming: Sandblast (safe; 1% risk of failure)
Press: ? - help, Shift-Dir - straight line, f/p - gnoll
Aim: a gnoll, wielding a +1 flail of protection and quivering 2 throwing nets (heavily wounded, 86% to hit)
The blast of sand hits the gnoll bouda.
The gnoll bouda hits you with a +0 whip.
The gnoll bouda calls upon its god to heal the gnoll.
The gnoll is healed somewhat. 😕 HP[-5] MP[-1]
You take 5 damage, and now have 36/41 hp.
You lost 1 mp, and now have 8/14 mp.
Casting: Sandblast (safe; 1% risk of failure)
Confirm with . or Enter, or press ? or * to list all spells.
Aiming: Sandblast (safe; 1% risk of failure)
Press: ? - help, Shift-Dir - straight line, f/p - gnoll
Aim: a gnoll, wielding a +1 flail of protection and quivering 2 throwing nets (lightly wounded, 86% to hit)
The blast of sand hits the gnoll bouda!
The gnoll bouda barks out a call to the hunt!
The gnoll picks up the pace! 😕 MP[-1]
You lost 1 mp, and now have 7/14 mp.
Casting: Sandblast (safe; 1% risk of failure)
Confirm with . or Enter, or press ? or * to list all spells.
Aiming: Sandblast (safe; 1% risk of failure)
Press: ? - help, Shift-Dir - straight line, f/p - gnoll
Aim: a gnoll, wielding a +1 flail of protection and quivering 2 throwing nets (lightly wounded, covering ground quickly, 86% to hit)
The blast of sand hits the gnoll bouda!!
You kill the gnoll bouda!
The gnoll throws a throwing net.
The throwing net hits you.
You become entangled in the net!
Your Conjurations skill increases to level 6! 😕 HP[+1] MP[-1]
You lost 1 mp, and now have 6/14 mp.
Casting: Sandblast (safe; 1% risk of failure)
Confirm with . or Enter, or press ? or * to list all spells.
Aiming: Sandblast (safe; 1% risk of failure)
Press: ? - help, Shift-Dir - straight line, f/p - gnoll
Aim: a gnoll, wielding a +1 flail of protection and quivering a throwing net (lightly wounded, covering ground quickly, 86% to hit)
The blast of sand hits the gnoll but does no damage.
The gnoll hits you with a +1 flail of protection.
The gnoll completely misses you. 😕 HP[-3]
You take 3 damage, and now have 34/41 hp.
Casting: Sandblast (safe; 1% risk of failure)
Confirm with . or Enter, or press ? or * to list all spells.
Aiming: Sandblast (safe; 1% risk of failure)
Press: ? - help, Shift-Dir - straight line, f/p - gnoll
Aim: a gnoll, wielding a +1 flail of protection and quivering a throwing net (lightly wounded, covering ground quickly, 86% to hit)
The blast of sand hits the gnoll.
Your attacks no longer feel as feeble.
The gnoll hits you with a +1 flail of protection! 😮 HP[-12] MP[-1]
You take 12 damage, and now have 22/41 hp.
MASSIVE DAMAGE!! (PAUSE)
You lost 1 mp, and now have 5/14 mp.
Casting: Sandblast (safe; 1% risk of failure)
Confirm with . or Enter, or press ? or * to list all spells.
Aiming: Sandblast (safe; 1% risk of failure)
Press: ? - help, Shift-Dir - straight line, f/p - gnoll
Aim: a gnoll, wielding a +1 flail of protection and quivering a throwing net (heavily wounded, covering ground quickly, 86% to hit)
The blast of sand hits the gnoll.
The gnoll hits you with a +1 flail of protection!
* * * LOW HITPOINT WARNING * * *
The gnoll hits you with a +1 flail of protection.
* * * LOW HITPOINT WARNING * * *
Unknown command. 😨 HP[-10] MP[-1]
You take 10 damage, and now have 12/41 hp.
MASSIVE DAMAGE!! (PAUSE)
You lost 1 mp, and now have 4/14 mp.
Casting: Sandblast (safe; 1% risk of failure)
Confirm with . or Enter, or press ? or * to list all spells.
Aiming: Sandblast (safe; 1% risk of failure)
Press: ? - help, Shift-Dir - straight line, f/p - gnoll
Aim: a gnoll, wielding a +1 flail of protection and quivering a throwing net (heavily wounded, covering ground quickly, 86% to hit)
The blast of sand hits the gnoll but does no damage.
The gnoll hits you with a +1 flail of protection!
* * * LOW HITPOINT WARNING * * *
😱 HP[-7] MP[-1]
You take 7 damage, and now have 5/41 hp.
You lost 1 mp, and now have 3/14 mp.
Unknown command.
Casting: Sandblast (safe; 1% risk of failure)
Confirm with . or Enter, or press ? or * to list all spells.
Aiming: Sandblast (safe; 1% risk of failure)
Press: ? - help, Shift-Dir - straight line, f/p - gnoll
Aim: a gnoll, wielding a +1 flail of protection and quivering a throwing net (heavily wounded, covering ground quickly, 86% to hit)
The blast of sand misses the gnoll.
The gnoll hits you with a +1 flail of protection!
You die...

Skill      XL: |  1  2  3  4  5  6  7  8 |
---------------+-------------------------+-----
Earth Magic    | 4 5 6 8 |  8.5
Conjurations   | 1 3 4 5 6 |  6.0
Spellcasting   | 3 4 |  4.5
Dodging        | |  1.5
Stealth        | |  2.1
Transmutations | |  0.7

Action                     |  1- 3 |  4- 6 |  7- 9 || total
---------------------------+-------+-------+-------++-------
  Melee: Unarmed           |    18 |     1 |     4 ||    23
   Cast: Sandblast         |    55 |    24 |   103 ||   182
    Use: Scroll            |     6 |       |     3 ||     9
         Potion            |       |     1 |       ||     1
 Armour: Robe              |    14 |     4 |    25 ||    43
  Dodge: Dodged            |    27 |     7 |    40 ||    74

Levels and vault maps discovered:
D:1:      dpeg_arrival_boxes_within_box, layout_rooms
D:2:      minmay_roachtagon, layout_loops_corners, basic_altar,
          chequers_serial_rivers_micro_e, minivault_11, moated_statue,
          minmay_3d_cube
D:3:      layout_basic, old_standard_altar, tgw_sif, minmay_misc_feat_iff,
          uniq_crazy_yiuf_cottage, uniq_sigmund, uniq_grinder
D:4:      layout_cave_pools, overflow_temple_1_default
D:5:      layout_rooms, yredelemnul_altar_generic

Notes
Turn   | Place    | Note
-------+----------+-------------------------------------------
     0 | D:1      | kae the Gargoyle Earth Elementalist began the quest for the
                  | Orb.
     0 | D:1      | Reached XP level 1. HP: 10/10 MP: 3/3
     0 | D:1      | magus.rc [v1.11.3]
   105 | D:1      | Reached skill level 4 in Earth Magic
   108 | D:1      | Reached XP level 2. HP: 15/15 MP: 1/5
   444 | D:1      | You pick up a book of the Sky and begin reading...
   444 | D:1      | You add the spells Summon Lightning Spire, Storm Form and
                  | Maxwell's Capacitive Coupling to your library.
   854 | D:2      | Reached XP level 3. HP: 19/19 MP: 4/6
  1222 | D:2      | Reached skill level 5 in Earth Magic
  1512 | D:2      | Found a bloodstained altar of Trog.
  1721 | D:2      | Learned a level 2 spell: Passwall
  1725 | D:2      | Learned a level 3 spell: Stone Arrow
  2046 | D:3      | HP: 1/19 [something/puff of flame (8)]
  2048 | D:3      | Reached skill level 1 in Conjurations
  2048 | D:3      | Reached XP level 4. HP: 2/24 MP: 2/8
  2233 | D:3      | Noticed Jessica
  2234 | D:3      | Killed Jessica
  2248 | D:3      | Found a shimmering blue altar of Sif Muna.
  2545 | D:3      | Noticed Sigmund
  2573 | D:3      | Noticed Grinder
  2605 | D:3      | Paralysed by Grinder for 3 turns
  2611 | D:3      | HP: 5/24 [Grinder (2)]
  2612 | D:3      | Paralysed by Grinder for 3 turns
  2615 | D:3      | Killed Grinder
  2616 | D:3      | Reached skill level 3 in Spellcasting
  2616 | D:3      | Reached skill level 3 in Conjurations
  2616 | D:3      | Reached skill level 6 in Earth Magic
  2616 | D:3      | Reached XP level 5. HP: 7/28 MP: 8/10
  2616 | D:3      | Reached XP level 6. HP: 8/32 MP: 8/11
  2705 | D:3      | Found a blossoming altar of Fedhas.
  2720 | D:3      | Killed Sigmund
  2721 | D:3      | Reached skill level 4 in Conjurations
  2721 | D:3      | Reached XP level 7. HP: 36/36 MP: 7/12
  2974 | D:3      | Found a runed translucent door.
  2975 | D:3      | Noticed Crazy Yiuf
  2998 | D:4      | You fall into a shaft and drop 1 floor!
  2998 | D:5      | Entered Level 5 of the Dungeon
  3037 | D:4      | Reached skill level 7 in Earth Magic
  3219 | D:4      | You pick up a book of Weapons and begin reading...
  3219 | D:4      | You add the spells Tukima's Dance, Portal Projectile and
                  | Blade Hands to your library.
  3247 | D:4      | You pick up a book of Scorching and begin reading...
  3247 | D:4      | You add the spells Scorch, Flame Wave and Summon Cactus
                  | Giant to your library.
  3265 | D:4      | HP: 9/36 [orc/+0 hand axe (4)]
  3380 | D:4      | Found a snail-covered altar of Cheibriados.
  3391 | D:4      | Reached skill level 4 in Spellcasting
  3543 | D:4      | Reached skill level 5 in Conjurations
  3785 | D:4      | Reached skill level 8 in Earth Magic
  3785 | D:4      | Reached XP level 8. HP: 41/41 MP: 10/14
  3861 | D:4      | Learned a level 4 spell: Petrify
  3866 | D:5      | Found a basalt altar of Yredelemnul.
  4073 | D:5      | Reached skill level 6 in Conjurations
  4076 | D:5      | HP: 5/41 [gnoll/+1 flail of protection[a gnoll bouda] (7)]
  4077 | D:5      | Slain by a gnoll

Vanquished Creatures
  Grinder (D:3)
  Sigmund (D:3)
  A sky beast (D:4)
  A black bear (D:4)
  A phantom (D:4)
  A necrophage (D:5)
  A scorpion (D:4)
  A gnoll bouda (D:5)
  Jessica (D:3)
  2 iguanas
  3 orc wizards
  4 adders
  11 gnolls
  2 ufetubi
  2 worms
  3 dart slugs
  7 orcs
  2 endoplasms
  12 giant cockroaches
  2 goblins
  7 hobgoblins
  3 jackals (D:4)
  3 quokkas
  2 ball pythons
  5 bats
  2 frilled lizards
  11 kobolds
  5 rats
97 creatures vanquished.

Vanquished Creatures (others)
  3 fungi (D:3)
3 creatures vanquished.

Grand Total: 100 creatures vanquished

Table legend:
 A = Non-vault XP
 B = Vault XP
 C = Vault XP percentage of total XP
 D = Non-vault monster count
 E = Vault monster count
 F = Vault count percentage of total count
                 A         B        C        D         E       F
            +---------+---------+-------+---------+---------+-------
      Total |    1089 |     559 |  33.9 |      82 |      15 |  15.5
            +---------+---------+-------+---------+---------+-------
        D:1 |      25 |       0 |   0.0 |      14 |       0 |   0.0
        D:2 |      22 |      22 |  50.0 |       7 |      12 |  63.2
        D:3 |      57 |     537 |  90.4 |      13 |       3 |  18.8
        D:4 |     647 |       0 |   0.0 |      32 |       0 |   0.0
        D:5 |     338 |       0 |   0.0 |      16 |       0 |   0.0
            +---------+---------+-------+---------+---------+-------

Illustrated notes

Table legend:
 A = Kills in this place as a percentage of kills in entire the game.
 B = Kills by you in this place as a percentage of kills by you in the entire game.
 C = Kills by friends in this place as a percentage of kills by friends in the entire game.
 D = Other kills in this place as a percentage of other kills in the entire game.
 E = Experience gained in this place as a percentage of experience gained in the entire game.
 F = Experience gained in this place divided by the number of levels of this place that you have seen.
                   A       B       C       D       E      F
               +-------+-------+-------+-------+-------+----------------------
         Total | 100.0 | 100.0 |   N/A |   N/A | 100.0 | 329.6
       Dungeon | 100.0 | 100.0 |   N/A |   N/A | 100.0 | 329.6
               +-------+-------+-------+-------+-------+----------------------

Table legend: (Time is in decaauts)
 A = Elapsed time spent in this place.
 B = Non-inter-level travel time spent in this place.
 C = Inter-level travel time spent in this place.
 D = Time resting spent in this place.
 E = Time spent auto-exploring this place.
 F = Levels seen in this place.
 G = Mean time per level.
                   A        B        C        D        E       F      G
               +--------+--------+--------+--------+--------+-----+--------+
         Total |   4166 |   4056 |    110 |    193 |   3227 |   5 |  833.2 |
       Dungeon |   4166 |   4056 |    110 |    193 |   3227 |   5 |  833.2 |
               +--------+--------+--------+--------+--------+-----+--------+

Top non-repeatable levels by time:
     D:2: 1171 daAuts
     D:3: 1141 daAuts
     D:4: 893 daAuts
     D:1: 724 daAuts
     D:5: 235 daAuts
